 Dungeon Crawl Stone Soup version 0.32-a0-791-gfc315c9ecd (webtiles) character file.

Game seed: 13961785053899840010

1055 Dordric the Mimic (level 8, -2/70 HPs)
             Began as an Oni Shapeshifter on Mar 20, 2024.
             Was an Initiate of Wu Jian.
             Slain by a lemure (7 damage)
             ... led by Pikel
             ... on level 5 of the Dungeon.
             The game lasted 00:06:11 (5377 turns).

Dordric the Mimic (Oni Shapeshifter)                Turns: 5377, Time: 00:06:11

Health: -2/70      AC:  3    Str: 23    XL:     8   Next: 26%
Magic:  17/17      EV:  9    Int: 17    God:    Wu Jian [......]
Gold:   233        SH:  0    Dex: 14    Spells: 7/7 levels left

rFire   . . .        y - +11 great sword of Sejogh {freeze, MP+9}
rCold   . . .        (shield currently unavailable)
rNeg    . . .        a - +0 animal skin
rPois   .            (helmet currently unavailable)
rElec   .            (cloak currently unavailable)
rCorr   +            (gloves unavailable)
SInv    .            (boots unavailable)
Will    .....        (no amulet)
Stlth   +            n - +6 ring of intelligence
HPRegen 0.31/turn    v - ring of Umnypen {rCorr Str+2 Dex+6}
MPRegen 0.15/turn

%: no passive effects
@: confused, beast-form
A: beast (slay +4), large, unfitting armour, horns 1, tough skin 1, double
potion healing, drunken brawling
a: Begin Untransformation, Renounce Religion


You were on level 5 of the Dungeon.
You worshipped Wu Jian.
Wu Jian was noncommittal.
You were a hulking beast.
You visited 2 branches of the dungeon, and saw 6 of its levels.

You collected 233 gold pieces.

Inventory:

Hand Weapons
 f - a +2 dagger of venom
 y - the +11 great sword of Sejogh (weapon) {freeze, MP+9}
   (You found it on level 5 of the Dungeon)

   MP+9:      It affects your magic capacity (+9).
Missiles
 u - 2 throwing nets
Armour
 a - a +0 animal skin (worn)
Jewellery
 m - a ring of protection from fire
 n - a +6 ring of intelligence (left hand)
 v - the ring of Umnypen (right hand) {rCorr Str+2 Dex+6}
   (You found it on level 4 of the Dungeon)

   [ring of dexterity]

   Str+2:     It affects your strength (+2).
   Dex+6:     It affects your dexterity (+6).
   rCorr:     It protects you from acid and corrosion.
Talismans
 c - a beast talisman (active)
 d - a flux talisman
Wands
 o - a wand of mindburst (10)
 w - a wand of warping (11)
Scrolls
 e - a scroll of brand weapon
 j - a scroll of immolation
 k - a scroll of identify
 p - a scroll of noise
 q - a scroll of vulnerability
 r - a scroll of teleportation
 t - a scroll of enchant armour
 x - a scroll of revelation {unknown}
Potions
 b - 2 potions of lignification
 g - a potion of mutation {unknown}
 h - 3 potions of enlightenment {unknown}
 i - 2 potions of brilliance {unknown}
 l - a potion of degeneration (quivered) {unknown}
 s - a potion of curing {unknown}


   Skills:
 - Level 1.3 Fighting
 - Level 1.7 Dodging
 - Level 2.6 Unarmed Combat
 + Level 9.2 Shapeshifting


You had 7 spell levels left.
You didn't know any spells.
Your spell library contained the following spells:

 Spells                   Type           Power      Damage    Failure   Level
 Stone Arrow              Conj/Erth      0%         3d7       56%         3
 Animate Armour           Summ/Erth      0%         N/A       93%         4
 Lehudib's Crystal Spear  Conj/Erth      0%         10d2      100%        8


Dungeon Overview and Level Annotations

Branches:
Dungeon (5/15)             Temple (1/1) D:4

Altars:
Ashenzari
Fedhas
Gozag
Kikubaaqudgha
Makhleb
Qazlal
Sif Muna
Trog
Vehumet
Wu Jian
Xom
The Shining One

Shops:
D:3 *

Annotations:
D:4 exclusion: oklob plant
D:5 Pikel


Innate Abilities, Weirdness & Mutations

You are a hulking beast.
Your limbs bulge with bestial killing power. (Slay +4)
You are too large for most types of armour.
You have a pair of small horns on your head.
You have tough skin. (AC +1)
You gain doubled healing and magic from potions.
Whenever you drink a healing potion, you attack all around you.


Message History

Pikel is nearby! 2 lemures and a black bear come into view.
The lemure shouts! x2; You hear a shout!
Found a stone staircase leading down.
A lemure comes into view. x2
You lunge at Pikel.
The lemure shouts!
You slash Pikel! You freeze Pikel. You headbutt Pikel, but do no damage.
Pikel is moderately wounded.
You hear an angry growl.
Pikel zaps a wand.
The bolt of light hits you!
You are confused.
You're too confused to move!
Pikel barely misses you. Pikel attacks as he pursues you!
Pikel hits you with a +0 whip of freezing!
Pikel freezes you. The lemure attacks as it pursues you! The lemure misses you.
You feel less confused.
You barely miss Pikel.
Pikel is moderately wounded.
The lemure barely misses you.
Pikel hits you with a +0 whip of freezing!
Pikel freezes you. The lemure hits you.
You slash Pikel! You freeze Pikel.
Pikel is severely wounded.
Pikel hits you with a +0 whip of freezing!
Pikel freezes you. The lemure hits you. x2
The lemure hits you but does no damage.
Pikel zaps a wand.
The bolt of light hits you!
You are confused.
* * * LOW HITPOINT WARNING * * *
You hit the lemure but do no damage. Your headbutt misses the lemure.
The lemure closely misses you. The lemure barely misses you.
The lemure completely misses you. Pikel misses you.
The lemure hits you but does no damage. x2; The lemure hits you.
* * * LOW HITPOINT WARNING * * *
Pikel hits you but does no damage. The lemure attacks as it pursues you!
The lemure hits you.
* * * LOW HITPOINT WARNING * * *
The lemure hits you!
You die...

##.........##..#.#####....#
#.. ......#.......#..#.....
.... .....##.###...........
.....#... #..###..##......#
.....#... ##..#........>..#
.>......####..##..##......#
.......h.##...##.###.....##
..##..5K5...###.. ...#....
......##55h..# #......###..
...##.................# .#
.. ...#....#......... ...
#.####.......... .. ...
#....... . .... ........
..... ......# #.. ...#


You could see Pikel, a black bear and 4 lemures.

Vanquished Creatures
  Menkaure (D:4)
  2 black bears
  A phantom (D:5)
  A kobold brigand (D:5)
  3 orc priests
  2 bombardier beetles
  4 hounds
  A jelly (D:5)
  An orc wizard (D:3)
  2 iguanas
  Robin (D:3)
  7 adders
  2 gnolls
  A white imp (D:5)
  4 dart slugs
  2 ribbon worms
  10 orcs
  2 bats (D:1)
  11 endoplasms
  2 giant cockroaches (D:1)
  11 goblins
  10 hobgoblins
  7 jackals
  A quokka (D:1)
  8 ball pythons
  4 frilled lizards
  14 kobolds
  4 rats
119 creatures vanquished.

Notes
Turn   | Place    | Note
-------+----------+-------------------------------------------
     0 | D:1      | Dordric the Oni Shapeshifter began the quest for the Orb.
     0 | D:1      | Reached XP level 1. HP: 19/19 MP: 1/1
    92 | D:1      | Reached XP level 2. HP: 20/27 MP: 2/2
   178 | D:1      | HP: 1/27 [poisoned by a kobold]
   579 | D:1      | Reached XP level 3. HP: 25/33 MP: 3/3
   584 | D:1      | Reached skill level 4 in Shapeshifting
  1209 | D:2      | Found a faded altar of an unknown god.
  1386 | D:2      | Reached XP level 4. HP: 41/41 MP: 4/4
  2118 | D:3      | Reached skill level 5 in Shapeshifting
  2217 | D:3      | Reached XP level 5. HP: 46/48 MP: 5/5
  2224 | D:3      | Found Bitomnu's Assorted Antiques.
  2226 | D:3      | Found a radiant altar of Vehumet.
  2384 | D:3      | Found a bloodstained altar of Trog.
  2496 | D:3      | Found a stormy altar of Qazlal.
  2515 | D:3      | Noticed Robin
  2566 | D:3      | Killed Robin
  2567 | D:3      | Reached skill level 6 in Shapeshifting
  2695 | D:3      | Reached XP level 6. HP: 50/55 MP: 6/6
  3144 | D:3      | Found an ancient bone altar of Kikubaaqudgha.
  3204 | D:4      | Noticed a black bear
  3213 | D:4      | Killed a black bear
  3512 | D:4      | Reached skill level 7 in Shapeshifting
  3542 | D:4      | Identified the ring of Umnypen {rCorr Str+2 Dex+6}
  4176 | D:4      | Found a staircase to the Ecumenical Temple.
  4193 | D:4      | Reached XP level 7. HP: 62/62 MP: 7/7
  4197 | D:4      | Noticed Menkaure
  4200 | D:4      | Killed Menkaure
  4339 | D:4      | Found a blossoming altar of Fedhas.
  4379 | Temple   | Entered the Ecumenical Temple
  4449 | Temple   | Became a worshipper of the Wu Jian Council
  4514 | D:4      | Noticed an oklob plant
  4657 | D:5      | Entered Level 5 of the Dungeon
  4913 | D:5      | Reached skill level 8 in Shapeshifting
  4975 | D:5      | Identified the +11 great sword of Sejogh {freeze, MP+9}
  4997 | D:5      | Reached XP level 8. HP: 34/70 MP: 8/8
  5262 | D:5      | Reached skill level 9 in Shapeshifting
  5367 | D:5      | Noticed Pikel
  5377 | D:5      | Slain by a lemure

Illustrated notes

Levels and vault maps discovered:
D:1:      minmay_arrival_three_doors, layout_basic, minmay_pentomino_s4
D:2:      layout_loops_corners, basic_ecumenical_altar,
          kennysheep_generic_room_8
D:3:      layout_basic, kiku_gazebo_pond_becter, mainiacjoe_overflow_24_doors,
          lemuel_round_altar, mainiacjoe_overflow_alcove_4, serial_shops, shop,
          cheibrodos_gnoll_hut, uniq_robin
D:4:      layout_cave_pods, tgw_fedhas, minmay_temple_entry_glass,
          minmay_checkerbox, uniq_menkaure
D:5:      layout_cave_pools, nicolae_uskayaw_suspiria,
          grunt_dithmenos_smoke_and_mirrors, uniq_pikel
Temple:   nicolae_temple_bog_church

Skill      XL: |  1  2  3  4  5  6  7  8 |
---------------+-------------------------+-----
Shapeshifting  | 4 5 6 7 8 9 |  9.2
Fighting       | |  1.3
Dodging        | |  1.7
Unarmed Combat | |  2.6

Action                     |  1- 3 |  4- 6 |  7- 9 || total
---------------------------+-------+-------+-------++-------
  Melee: Unarmed           |    26 |   147 |    47 ||   220
         Headbutt          |    16 |    40 |    19 ||    75
         Dagger            |    54 |    62 |       ||   116
         Great sword       |       |       |    26 ||    26
Ability: Lunge             |       |       |     6 ||     6
    Use: Scroll            |       |     6 |       ||     6
   Stab: Sleeping          |       |     1 |       ||     1
 Armour: Animal skin       |    54 |    36 |    28 ||   118
         Skin              |       |    62 |    33 ||    95
  Dodge: Dodged            |    43 |   108 |    46 ||   197
   Form: Flux              |       |     1 |       ||     1
         Beast             |       |       |     1 ||     1

Table legend: (Time is in decaauts)
 A = Elapsed time spent in this place.
 B = Non-inter-level travel time spent in this place.
 C = Inter-level travel time spent in this place.
 D = Time resting spent in this place.
 E = Time spent auto-exploring this place.
 F = Levels seen in this place.
 G = Mean time per level.
                   A        B        C        D        E       F      G
               +--------+--------+--------+--------+--------+-----+--------+
         Total |   5378 |   5146 |    232 |    485 |   3712 |   6 |  896.3 |
       Dungeon |   5292 |   5076 |    216 |    485 |   3712 |   5 | 1058.4 |
        Temple |     85 |     70 |     15 |      0 |      0 |   1 |   85.0 |
               +--------+--------+--------+--------+--------+-----+--------+

Top non-repeatable levels by time:
     D:4: 1653 daAuts
     D:1: 1136 daAuts
     D:3: 1126 daAuts
     D:2: 931 daAuts
     D:5: 445 daAuts
  Temple: 85 daAuts
